 Dungeon Sprint DCSS version 0.28-a0-2-g643f2454ad (webtiles) character file.

Game seed: 12163458104486879174

129005 mhtbhm the Minotaur Barricade (level 16, -20/168 HPs)
             Began as a Minotaur Fighter on July 23, 2021.
             Was an Elder of Qazlal.
             Killed from afar by an electric golem (23 damage)
             ... with a bolt of lightning
             ... in the Dungeon (Sprint VII: "The Pits").
             The game lasted 00:20:03 (8110 turns).

mhtbhm the Minotaur Barricade (Minotaur Fighter)    Turns: 8110, Time: 00:20:04

Health: -20/168    AC: 45    Str: 26    XL:     16   Next: 49%
Magic:  18/32      EV:  9    Int:  5    God:    Qazlal [****..]
Gold:   61         SH: 32    Dex: 13    Spells: 15/15 levels left

rFire   + + +      SeeInvis .   a - +3 war axe (holy)
rCold   + . .      Faith    .   c - +0 tower shield
rNeg    . . .      Spirit   .   b - +6 gold dragon scales
rPois   +          Reflect  .   (helmet restricted)
rElec   .          Harm     .   g - +2 cloak
rCorr   .          Rampage  .   C - +1 pair of gloves {Dex+3}
Will    ++...      NoTele   +   s - +0 pair of boots
Stlth   ..........              (no amulet)
HPRegen 0.38/turn               B - +4 ring of protection
MPRegen 0.23/turn               d - ring of Aquuc {+Blink rF+++ Will+ Dex-2 Stlth+}

@: protected from physical damage, slowed, repel missiles, very slow
A: horns 2, retaliatory headbutt
a: Renounce Religion, Evoke Blink, Upheaval, Elemental Force


You were in the Dungeon.
You worshipped Qazlal.
Qazlal was greatly pleased with you.
You visited 1 branch You collected 61 gold pieces.

Inventory:

Hand Weapons
 a - a +3 war axe of holy wrath (weapon)
 f - the +7 sceptre of Asmodeus
   (You took it off Asmodeus in the Dungeon)

   It can be evoked to summon fiery demons, with success rate depending on
   Evocations skill.
   Those summoned this way will remain friendly only for a limited time.
 k - a +5 broad axe of draining
Missiles
 D - a curare-tipped dart
 E - a throwing net (quivered)
Armour
 b - +6 gold dragon scales (worn)
 c - a +0 tower shield (worn)
 g - a +2 cloak (worn)
 s - a +0 pair of boots (worn)
 C - a +1 pair of gloves of dexterity (worn)
Jewellery
 d - the ring of Aquuc (right hand) {+Blink rF+++ Will+ Dex-2 Stlth+}
   (You took it off a nagaraja in the Dungeon)

   [ring of willpower]

   Dex:       It affects your dexterity (-2).
   rF:        It renders you almost immune to fire.
   +Blink:    It lets you blink.
   Will:      It increases your willpower.
   Stlth:     It makes you more stealthy.
 n - a +4 ring of protection
 y - a ring of ice
 B - a +4 ring of protection (left hand)
Scrolls
 l - 5 scrolls of amnesia
 m - a scroll of summoning
 v - 4 scrolls of fear
 x - 4 scrolls of identify
 A - a scroll of holy word
Potions
 e - 2 potions of curing
 h - 2 potions of magic
 i - a potion of berserk rage
 j - 4 potions of brilliance
 p - a potion of might
 q - a potion of resistance
 r - 3 potions of mutation
 z - a potion of ambrosia


   Skills:
 + Level 21.7 Fighting
 + Level 22.8 Axes
 + Level 1.0 Throwing
 + Level 21.5 Armour
 + Level 7.6 Dodging
 - Level 1.0 Stealth
 O Level 27 Shields
 * Level 26.3 Invocations
 + Level 5.2 Evocations


You had 15 spell levels left.
You didn't know any spells.
Your spell library contained the following spells:

 Spells                   Type           Power      Damage    Failure   Level
 Foxfire                  Conj/Fire      0%         2x1d4     99%         1
 Conjure Flame            Conj/Fire      0%         6-21      100%        3
 Inner Flame              Hex/Fire       0%         N/A       100%        3
 Borgnjor's Revivificati  Necr           0%         N/A       100%        8
 Necromutation            Tmut/Necr      0%         N/A       100%        8
 Death's Door             Necr           0%         N/A       100%        9


Dungeon Overview and Level Annotations

Branches:
Dungeon (1/1)

Altars:
Ashenzari
Cheibriados
Dithmenos
Elyvilon
Fedhas
Gozag
Hepliaklqana
Kikubaaqudgha
Makhleb
Nemelex Xobeh
Okawaru
Qazlal
Ru
Sif Muna
Trog
Uskayaw
Vehumet
Wu Jian
Xom
Yredelemnul
Zin
The Shining One
Beogh
Jiyva
Lugonu


Innate Abilities, Weirdness & Mutations

You have a pair of horns on your head.
You reflexively headbutt those who attack you in melee.


Message History

Unknown command.
Unknown command.
Nature churns violently around you!
The blast of rubble hits the Tzitzimitl!
The Tzitzimitl is almost dead.
The blast of rubble hits Nikola!!!
You kill Nikola!
Qazlal accepts your kill.
You hear a deafening roar!
You can no longer call upon nature's wrath in a wide area around you.
You hear a roar!
You hear a shout!
You hear a deafening roar!
You block the electric golem's attack. x3
The electric golem barely misses you.
The electric golem hits you but does no damage.
You block the electric golem's attack. The electric golem barely misses you.
You block the electric golem's attack. The Tzitzimitl engulfs you.
* * * LOW HITPOINT WARNING * * *
The Tzitzimitl drains your vigour!
You feel yourself slow down. You block the Tzitzimitl's attack.
You hear a distant slurping noise.
Unknown command.
Unknown command.
Unknown command.
Unknown command.
Unknown command.
Unknown command.
Okay, then.
Okay, then.
Unknown command.
Unknown command.
Okay, then.
Okay, then.
Blink to where?
Press: ? - help, Dir - move target
As you read the scroll of blinking, it crumbles to dust.
You hear a distant slurping noise.
You blink.
The electric golem hurls lightning at you.
The bolt of lightning hits you!!
You die...

###### # ## ###.[#.###
#.###.###...##
#'.##'.'#)###
#...#...#.# # ###
###.'##.##.###
##.###.###.###.'##...##
#≈≈.≈.18..§§≈≈..##.)##.
##≈###@###.###≈##.##'[.
### ### ########## ###
# ..# # ..# # ..# # ..#
# ..# # ..# #


You could see an electric golem and a Tzitzimitl.

Vanquished Creatures
  Asmodeus (D)
  2 ancient liches (D)
  Mennas (D)
  2 pandemonium lords (D)
  A curse toe (D)
  Nikola (D)
  A bone dragon (D)
  2 pearl dragons (D)
  2 Hell Sentinels (D)
  An electric golem (D)
  An Ice Fiend (D)
  A deep elf master archer (D)
  A titan (D)
  Polyphemus (D)
  2 Executioners (D)
  A storm dragon (D)
  2 nagarajas (D)
  A fire giant (D)
  A daeva (D)
  A frost giant (D)
  A draconian scorcher (D)
  2 ghost moths (D)
  A draconian shifter (D)
  2 orc warlords (D)
  An angel (D)
  A spriggan defender (D)
  A black draconian (D)
  A red draconian (D)
  An ettin (D)
  A blizzard demon (D)
  A merfolk impaler (D)
  Josephine (D)
  An ice dragon (D)
  A great orb of eyes (D)
  A yaktaur captain (D)
  4 vault guards (D)
  2 boulder beetles (D)
  An ogre mage (D)
  An alligator snapping turtle (D)
  A naga warrior (D)
  A merfolk avatar (D)
  2 alligators (D)
  4 two-headed ogres (D)
  A merfolk aquamancer (D)
  A death knight (D)
  5 death yaks (D)
  A spriggan berserker (D)
  2 deep elf knights (D)
  A shadow wraith (D)
  An iron troll (D)
  A cherub (D)
  A fire crab (D)
  A salamander mystic (D)
  A sixfirhy (D)
  A naga ritualist (D)
  A deep elf zephyrmancer (D)
  A bog body (D)
  2 deep elf pyromancers (D)
  8 orc knights (D)
  An ugly thing (D)
  A guardian serpent (D)
  4 smoke demons (D)
  2 cane toads (D)
  A naga mage (D)
  A gargoyle (D)
  A kobold demonologist (D)
  An unseen horror (D)
  6 yaktaurs (D)
  A tormentor (D)
  A komodo dragon (D)
  A hellwing (D)
  2 polar bears (D)
  A wind drake (D)
  4 merfolk (D)
  13 dream sheep (D)
  A snapping turtle (D)
  A flying skull (D)
  A ynoxinul (D)
  A tarantella (D)
  4 yaks (D)
  2 basilisks (D)
  6 redbacks (D)
  A fire bat (D)
  3 wraiths (D)
  3 steam dragons (D)
  An acid dragon (D)
  A water moccasin (D)
  2 orc warriors (D)
  A necrophage (D)
  An ice beast (D)
  4 wolves (D)
  3 ogres (D)
  3 centaurs (D)
  3 phantoms (D)
  2 kobold brigands (D)
  A bullfrog (D)
  An earth elemental (D)
  5 killer bees (D)
  A jelly (D)
  A gnoll shaman (D)
  An orc priest (D)
  A mummy (D)
  An adder (D)
  4 gnolls (D)
  A river rat (D)
  A white imp (D)
  3 ufetubi (D)
  An adder skeleton (D)
  7 orcs (D)
  An endoplasm (D)
  2 giant cockroaches (D)
  2 goblins (D)
  A hobgoblin (D)
  3 jackals (D)
  A quokka (D)
  A frilled lizard (D)
213 creatures vanquished.

Vanquished Creatures (collateral kills)
  A merfolk avatar (D)
  A two-headed ogre (D)
  A bog body (D)
  An orc knight (D)
4 creatures vanquished.

Vanquished Creatures (others)
  An alligator (D)
  An orc knight (D)
2 creatures vanquished.

Grand Total: 219 creatures vanquished

Notes
Turn   | Place    | Note
-------+----------+-------------------------------------------
     0 | D        | mhtbhm the Minotaur Fighter began the quest for the Orb.
     0 | D        | Reached XP level 1. HP: 19/19 MP: 0/0
    67 | D        | Found a bloodstained altar of Trog.
    67 | D        | Found a shimmering blue altar of Sif Muna.
    67 | D        | Found a viscous altar of Jiyva.
    67 | D        | Found a hazy altar of Hepliaklqana.
    67 | D        | Found an opulent altar of Gozag.
    68 | D        | Found a glowing golden altar of the Shining One.
    68 | D        | Found a glowing silver altar of Zin.
    68 | D        | Found a basalt altar of Yredelemnul.
    68 | D        | Found a shimmering altar of Xom.
    68 | D        | Found an ornate altar of the Wu Jian Council.
    68 | D        | Found a sacrificial altar of Ru.
    68 | D        | Found a stormy altar of Qazlal.
    68 | D        | Found an iron altar of Okawaru.
    68 | D        | Found a sparkling altar of Nemelex Xobeh.
    68 | D        | Found a burning altar of Makhleb.
    68 | D        | Found a blossoming altar of Fedhas.
    68 | D        | Found a white marble altar of Elyvilon.
    68 | D        | Found a shadowy altar of Dithmenos.
    68 | D        | Found a snail-covered altar of Cheibriados.
    70 | D        | Found a radiant altar of Vehumet.
    70 | D        | Found a corrupted altar of Lugonu.
    71 | D        | Found a hide-covered altar of Uskayaw.
    71 | D        | Found an ancient bone altar of Kikubaaqudgha.
    71 | D        | Found a broken altar of Ashenzari.
    75 | D        | Became a worshipper of Qazlal Stormbringer
   135 | D        | Reached skill level 5 in Armour
   135 | D        | Reached skill level 4 in Shields
   135 | D        | Reached XP level 2. HP: 19/28 MP: 1/1
   344 | D        | Reached * piety under Qazlal
   359 | D        | Reached skill level 5 in Shields
   359 | D        | Reached XP level 3. HP: 23/35 MP: 2/2
   470 | D        | Reached ** piety under Qazlal
   471 | D        | Reached skill level 5 in Fighting
   475 | D        | Reached *** piety under Qazlal
   538 | D        | Noticed a bullfrog
   539 | D        | Noticed a flying skull
   539 | D        | Noticed a phantom
   544 | D        | Reached skill level 6 in Shields
   544 | D        | Reached XP level 4. HP: 16/42 MP: 3/3
   550 | D        | Killed a bullfrog
   551 | D        | Reached skill level 5 in Axes
   551 | D        | Reached skill level 1 in Dodging
   551 | D        | Reached skill level 7 in Shields
   551 | D        | Reached XP level 5. HP: 34/50 MP: 4/4
   556 | D        | Killed a phantom
   556 | D        | Reached **** piety under Qazlal
   557 | D        | Reached skill level 8 in Shields
   573 | D        | Killed a flying skull
   574 | D        | Reached skill level 10 in Armour
   574 | D        | Reached skill level 9 in Shields
   574 | D        | Reached XP level 6. HP: 26/60 MP: 5/5
   595 | D        | Reached skill level 10 in Shields
   597 | D        | Noticed a gargoyle
   600 | D        | Killed a gargoyle
   600 | D        | Reached ***** piety under Qazlal
   601 | D        | Reached skill level 11 in Shields
   601 | D        | Reached XP level 7. HP: 26/68 MP: 6/6
   603 | D        | Noticed a fire bat
   607 | D        | Killed a fire bat
   608 | D        | Reached skill level 10 in Axes
   808 | D        | Noticed a death yak
   808 | D        | Noticed a death yak
   808 | D        | Noticed a death yak
   808 | D        | Noticed a death yak
   808 | D        | Noticed a death yak
   820 | D        | Killed a death yak
   821 | D        | Reached skill level 1 in Stealth
   821 | D        | Reached skill level 12 in Shields
   821 | D        | Reached XP level 8. HP: 60/78 MP: 7/7
   838 | D        | Killed a death yak
   839 | D        | Reached skill level 13 in Shields
   839 | D        | Reached XP level 9. HP: 49/85 MP: 7/10
   843 | D        | Killed a death yak
   844 | D        | Reached skill level 10 in Fighting
   844 | D        | Reached skill level 14 in Shields
   857 | D        | Killed a death yak
   857 | D        | Reached ****** piety under Qazlal
   858 | D        | Reached skill level 5 in Invocations
   858 | D        | Killed a death yak
   859 | D        | Reached XP level 10. HP: 27/95 MP: 8/13
  1222 | D        | Noticed a bog body
  1233 | D        | Killed a bog body
  1234 | D        | Reached skill level 15 in Shields
  1374 | D        | Noticed a smoke demon
  1383 | D        | Killed a smoke demon
  1394 | D        | Reached skill level 15 in Axes
  1416 | D        | Noticed an alligator snapping turtle
  1437 | D        | Killed an alligator snapping turtle
  1674 | D        | Noticed a two-headed ogre
  1676 | D        | Noticed a two-headed ogre
  1676 | D        | Noticed an ogre mage
  1677 | D        | Noticed a two-headed ogre
  1677 | D        | Noticed a bog body
  1681 | D        | Killed a two-headed ogre
  1688 | D        | Killed an ogre mage
  1690 | D        | Killed a two-headed ogre
  1690 | D        | Killed a two-headed ogre
  1691 | D        | Reached XP level 11. HP: 48/105 MP: 9/16
  1694 | D        | Killed a bog body
  1916 | D        | Noticed Josephine
  1923 | D        | Reached skill level 16 in Shields
  1929 | D        | Killed Josephine
  2107 | D        | Reached skill level 10 in Invocations
  2218 | D        | Noticed a boulder beetle
  2226 | D        | Killed a boulder beetle
  2227 | D        | Reached skill level 5 in Dodging
  2257 | D        | Noticed a two-headed ogre
  2262 | D        | Killed a two-headed ogre
  2263 | D        | Reached skill level 17 in Shields
  2266 | D        | Noticed a deep elf pyromancer
  2294 | D        | Killed a shadow wraith
  2300 | D        | Killed a deep elf pyromancer
  2301 | D        | Reached skill level 15 in Fighting
  2301 | D        | Reached XP level 12. HP: 66/119 MP: 19/19
  2487 | D        | Noticed Polyphemus
  2504 | D        | Reached skill level 15 in Armour
  2504 | D        | Reached skill level 18 in Shields
  2507 | D        | Killed Polyphemus
  2867 | D        | Noticed a two-headed ogre
  2873 | D        | Noticed a boulder beetle
  2881 | D        | Killed a two-headed ogre
  2882 | D        | Reached skill level 19 in Shields
  2897 | D        | Killed a boulder beetle
  3185 | D        | Noticed a death knight
  3185 | D        | Noticed a merfolk avatar
  3186 | D        | Noticed a bone dragon
  3187 | D        | Killed a death knight
  3194 | D        | Killed a merfolk avatar
  3211 | D        | Killed a bone dragon
  3212 | D        | Reached skill level 20 in Shields
  3212 | D        | Reached XP level 13. HP: 83/132 MP: 9/22
  3231 | D        | Got the +3 buckler of the Silversmith {rN+}
  3422 | D        | Noticed an orc warlord
  3422 | D        | Noticed an orc warlord
  3443 | D        | Killed an orc warlord
  3443 | D        | Killed an orc warlord
  3444 | D        | Reached skill level 21 in Shields
  3448 | D        | Reached skill level 15 in Invocations
  3451 | D        | Noticed a black draconian
  3463 | D        | HP: 4/136 [black draconian/bolt of lightning (25)]
  3472 | D        | Killed a black draconian
  3481 | D        | Reached skill level 22 in Shields
  3495 | D        | Killed a ghost moth
  3932 | D        | Noticed an Ice Fiend
  3942 | D        | Killed an Ice Fiend
  3943 | D        | Reached XP level 14. HP: 57/144 MP: 25/25
  4340 | D        | Noticed a spriggan defender
  4344 | D        | Killed a spriggan defender
  4363 | D        | Identified the ring of Aquuc {+Blink rF+++ Will+ Dex-2
                  | Stlth+}
  4363 | D        | Noticed a nagaraja
  4377 | D        | Killed a nagaraja
  4397 | D        | Reached skill level 23 in Shields
  4399 | D        | Reached skill level 1 in Throwing
  4831 | D        | Noticed Mennas
  4914 | D        | Killed Mennas
  4915 | D        | Reached skill level 1 in Evocations
  5307 | D        | Noticed a Hell Sentinel
  5324 | D        | Killed a Hell Sentinel
  5708 | D        | Noticed an ancient lich
  5719 | D        | Killed an ancient lich
  5720 | D        | Reached skill level 24 in Shields
  6041 | D        | Noticed a green draconian scorcher
  6049 | D        | Killed a green draconian scorcher
  6050 | D        | Reached XP level 15. HP: 122/155 MP: 27/27
  6144 | D        | Noticed an electric golem
  6144 | D        | Noticed a curse toe
  6144 | D        | Noticed a nagaraja
  6144 | D        | Noticed an ancient lich
  6144 | D        | Noticed a fire giant
  6145 | D        | Killed a fire giant
  6145 | D        | Killed a curse toe
  6145 | D        | Killed a nagaraja
  6145 | D        | Killed an electric golem
  6159 | D        | Killed an ancient lich
  6160 | D        | Reached skill level 25 in Shields
  6214 | D        | HP: 6/157 [angel (15)]
  6639 | D        | Noticed Lyah the pandemonium lord
  6642 | D        | Killed Lyah the pandemonium lord
  6922 | D        | Killed a ghost moth
  6923 | D        | Reached skill level 26 in Shields
  7154 | D        | Noticed a frost giant
  7159 | D        | Killed a frost giant
  7161 | D        | Noticed Taxa the pandemonium lord
  7172 | D        | Killed Taxa the pandemonium lord
  7542 | D        | Noticed a daeva
  7552 | D        | Killed a daeva
  7588 | D        | Noticed a black draconian shifter
  7596 | D        | Noticed a titan
  7596 | D        | Noticed a storm dragon
  7596 | D        | Noticed a pearl dragon
  7598 | D        | Noticed a Hell Sentinel
  7600 | D        | Found the +7 sceptre of Asmodeus
  7600 | D        | Noticed Asmodeus
  7604 | D        | Killed a black draconian shifter
  7605 | D        | Killed a storm dragon
  7605 | D        | Killed a titan
  7606 | D        | Killed a pearl dragon
  7606 | D        | Killed a Hell Sentinel
  7607 | D        | Reached XP level 16. HP: 51/167 MP: 8/30
  7615 | D        | Killed Asmodeus
  7616 | D        | Reached skill level 5 in Evocations
  7642 | D        | Noticed an Executioner
  7650 | D        | Killed an Executioner
  7773 | D        | Noticed a deep elf master archer
  7779 | D        | Killed a deep elf master archer
  8013 | D        | Noticed an Executioner
  8021 | D        | Killed an Executioner
  8022 | D        | Reached skill level 27 in Shields
  8085 | D        | Noticed a pearl dragon
  8088 | D        | Noticed an electric golem
  8093 | D        | Noticed a Tzitzimitl
  8093 | D        | Noticed Nikola
  8098 | D        | Killed a pearl dragon
  8107 | D        | HP: 6/168 [??? (4)]
  8108 | D        | Killed Nikola
  8108 | D        | HP: 2/168 [Tzitzimitl (5)]
  8110 | D        | Killed from afar by an electric golem

Illustrated notes

Levels and vault maps discovered:
D:        pitsprint [storerooms_1, entrance_room_1, metal_vault_6, armoury_2,
          mini_pit_1, grid_room_1, main_hall_1, silver_pit, the_coven_1,
          the_vestibule_1, steel_vault_3, golden_pit, hallway_of_sentries,
          crystal_vault_4, iron_vault_4, final_vault]

Skill      XL: |  1  2  3  4  5  6  7  8  9 10 11 12 13 14 15 16 |
---------------+-------------------------------------------------+-----
Fighting       | 4 5 6 7 8 9 11 12 15 17 18 20 21 | 21.7
Armour         | 5 6 7 8 10 11 12 13 14 15 16 18 21 | 21.5
Shields        | 4 5 6 7 9 11 12 13 14 15 17 20 22 24 26 27 | 27.0
Axes           | 3 5 7 9 11 12 14 16 18 19 20 21 22 | 22.8
Dodging        | 1 2 4 5 6 7 |  7.6
Stealth        | 1 |  1.0
Invocations    | 3 6 9 11 13 16 19 23 26 | 26.3
Throwing       | 1 |  1.0
Evocations     | 2 4 5 |  5.2

Action                   |  1- 3 |  4- 6 |  7- 9 | 10-12 | 13-15 | 16-18 || total
-------------------------+-------+-------+-------+-------+-------+-------++-------
Melee: Hand axe          |    46 |    37 |    51 |     6 |       |       ||   140
       War axe           |     6 |       |       |   219 |    95 |    20 ||   340
       Headbutt          |     8 |     7 |    17 |    69 |    74 |     8 ||   183
       Broad axe         |       |       |       |       |   220 |    21 ||   241
Throw: Dart              |       |       |       |       |     3 |       ||     3
Invok: Elemental Force   |       |       |       |     1 |     2 |       ||     3
       Disaster Area     |       |       |       |     4 |    18 |     4 ||    26
       Upheaval          |       |       |       |       |     1 |       ||     1
 Abil: Evoke Blink       |       |       |       |       |     5 |     1 ||     6
  Use: Potion            |       |     4 |     3 |     3 |    20 |     1 ||    31
       Scroll            |       |       |       |     1 |       |     5 ||     6
 Stab: Invisible         |       |       |       |       |     4 |       ||     4
Armor: Scale mail        |    25 |       |       |       |       |       ||    25
       Chain mail        |     4 |    18 |     6 |    70 |    23 |       ||   121
       Gold dragon scale |       |       |       |       |    99 |    27 ||   126
Dodge: Dodged            |    13 |     6 |     3 |    49 |    48 |    11 ||   130
       Repelled          |       |       |       |     1 |     5 |     1 ||     7
Block: Kite shield       |    46 |    32 |    18 |   230 |       |       ||   326
       Buckler           |       |       |       |       |   150 |       ||   150
       Tower shield      |       |       |       |       |   139 |    74 ||   213

Table legend: (Time is in decaauts)
 A = Elapsed time spent in this place.
 B = Non-inter-level travel time spent in this place.
 C = Inter-level travel time spent in this place.
 D = Time resting spent in this place.
 E = Time spent auto-exploring this place.
 F = Levels seen in this place.
 G = Mean time per level.
                   A        B        C        D        E       F      G
               +--------+--------+--------+--------+--------+-----+--------+
         Total |   7963 |   7963 |      0 |   5689 |     25 |   1 | 7963.0 |
       Dungeon |   7963 |   7963 |      0 |   5689 |     25 |   1 | 7963.0 |
               +--------+--------+--------+--------+--------+-----+--------+

Top non-repeatable levels by time:
       D: 7963 daAuts
